Map: Acropolis LE

Players

Mez - Winner!

  • Race: Terran Terran
  • League: Master
  • Spawn Location: 5:00

droidknight

  • Race: Protoss Protoss
  • League: Master
  • Spawn Location: 11:00

VOD

Have the link to the VOD?

Description

Time

  • Played on: Aug. 15, 2019, 10:36 a.m.
  • Length: 13:58
Show
View Real Time Build Order
Export as new Build Order

Mez Terran - Winner!

Build Orders: Reaper Expand 

Get SALT Encoding   

  12  0:01  SCV  
  13  0:13  SCV  
  14  0:17  Supply Depot  
  14  0:25  SCV  
  15  0:39  SCV  
  15  0:41  Barracks  
  16  0:44  Refinery  
  16  0:51  SCV  
  17  1:03  SCV  
  18  1:15  SCV  
  19  1:29  Reaper, Orbital Command  
  20  1:45  Command Center  
  20  1:51  Bunker  
  20  1:55  SCV  
  21  2:02  Barracks Reactor  
  21  2:05  Supply Depot  
  21  2:07  SCV  
  22  2:20  SCV  
  23  2:39  Marine x2  
  23  2:43  Factory  
  25  2:45  Command Center  
  25  2:48  SCV  
  26  2:58  Orbital Command  
  26  3:00  SCV  
  26  3:05  Refinery  
  27  3:09  Marine x2  
  29  3:18  SCV  
  30  3:26  SCV  
  31  3:28  Widow Mine  
  31  3:30  SCV  
  31  3:32  Marine x2  
  31  3:33  Starport  
  36  3:38  SCV  
  37  3:45  SCV  
  37  3:48  Refinery  
  38  3:50  Widow Mine, SCV  
  38  3:52  Marine x2  
  43  3:57  SCV  
  43  3:58  Orbital Command  
  45  4:02  SCV  
  46  4:10  SCV  
  46  4:12  Starport Tech Lab, Factory Tech Lab  
  46  4:14  SCV  
  46  4:16  Marine x2  
  49  4:22  SCV  
  50  4:24  Supply Depot  
  50  4:27  SCV  
  52  4:31  SCV  
  52  4:32  Siege Tank  
  52  4:33  Marine  
  52  4:34  Raven, SCV, Marine  
  60  4:39  SCV  
  60  4:45  Barracks  
  61  4:46  SCV  
  61  4:51  Supply Depot  
  62  4:57  SCV x2  
  62  4:59  Barracks  
  62  5:03  SCV, Marine x2  
  62  5:06  Siege Tank  
  62  5:07  Refinery  
  68  5:09  SCV  
  68  5:13  SCV  
  70  5:22  Engineering Bay  
  70  5:23  Engineering Bay, Supply Depot  
  70  5:25  Marine  
  70  5:26  SCV x2, Marine  
  70  5:28  Starport Reactor  
  74  5:30  Orbital Command  
  74  5:38  SCV x2  
  76  5:50  Terran Infantry Armor Level 1, Terran Infantry Weapons Level 1  
  76  5:51  Barracks  
  76  5:53  Barracks  
  76  5:54  SCV x2  
  76  5:55  Stimpack, Combat Shield, Factory Reactor  
  76  5:56  Marauder x2  
  76  5:57  Marine x2  
  82  5:59  SCV  
  85  6:10  Supply Depot  
  85  6:14  Medivac x2  
  85  6:16  Marine x2  
  85  6:18  Supply Depot  
  91  6:19  Marauder, Supply Depot  
  93  6:31  SCV x3  
  93  6:32  Marauder  
  98  6:33  Armory  
  98  6:40  Barracks Reactor, Supply Depot  
  98  6:41  Barracks Tech Lab  
  98  6:43  SCV x2, Supply Depot  
  98  6:47  Marine x2, Marauder, Medivac  
  102  6:53  Marauder  
  108  6:59  Medivac  
  108  7:00  Widow Mine x2  
  114  7:01  SCV x3  
  114  7:04  Marine  
  114  7:06  Supply Depot  
  114  7:07  Supply Depot  
  118  7:13  SCV  
  118  7:15  Marine  
  121  7:16  Marauder x2  
  121  7:18  Marine x2, Supply Depot  
  121  7:20  SCV  
  121  7:21  Refinery, SCV  
  128  7:23  Refinery  
  128  7:24  Widow Mine x2  
  128  7:25  SCV  
  133  7:30  Supply Depot  
  133  7:34  Medivac x2, Supply Depot  
  133  7:35  SCV x2  
  139  7:37  Concussive Shells  
  139  7:38  SCV  
  136  7:48  Marine x4, Marauder x3  
  136  7:49  Widow Mine  
  136  7:50  Widow Mine  
  143  7:58  Ghost Academy  
  143  8:07  Supply Depot  
  143  8:10  SCV  
  144  8:21  Marine x3, Marauder x3  
  153  8:27  Barracks  
  153  8:28  Barracks  
  153  8:29  Barracks  
  153  8:39  Marine x2  
  153  8:40  Marine x2  
  157  8:41  Ghost x2  
  157  8:42  Ghost  
  118  9:04  Marine x4  
  112  9:11  Marauder x3  
  112  9:15  SCV x3  
  115  9:22  Marine x3  
  115  9:23  Command Center  
  111  9:27  Barracks Reactor, SCV x3, Barracks Tech Lab x2  
  114  9:32  Marauder  
  114  9:33  Terran Infantry Armor Level 2, Terran Infantry Weapons Level 2  
  114  9:36  Medivac x2  
  120  9:39  Widow Mine x2  
  120  9:42  Marine x4, Marauder x2  
  132  9:59  Marine, Marauder  
  138  10:00  Marine  
  140  10:08  Marine x3, Marauder  
  140  10:09  Ghost x3  
  147  10:18  Widow Mine x2, Medivac x2  
  147  10:20  Ghost  
  155  10:32  Supply Depot  
  155  10:33  Supply Depot  
  155  10:34  Supply Depot x2  
  155  10:35  Starport  
  155  10:42  Marine x3, Marauder  
  161  10:43  Fusion Core, Marine x4, Marauder x2  
  161  10:48  Refinery  
  168  10:53  Refinery  
  167  11:18  Marine x2, Marauder x2  
  168  11:19  Marauder  
  160  11:33  Marine  
  160  11:34  Marauder  
  160  11:35  Marine x4  
  160  11:36  Marine x2  
  160  11:39  Marine x2  
  99  11:40  Marine, Liberator x2  
  165  11:51  Marine  
  165  11:53  Marine  
  151  11:54  Ghost  
  151  11:55  Marine  
  151  11:56  Ghost, Marine x3  
  151  11:57  Marauder  
  151  11:58  Marauder  
  151  12:00  Medivac  
  161  12:09  Planetary Fortress  
  161  12:19  Marauder  
  161  12:20  Ghost  
  161  12:21  Marine x6  
  156  12:23  Ghost  
  156  12:25  Marine  
  156  12:28  SCV, Barracks  
  156  12:29  SCV  
  161  12:30  Medivac  
  161  12:31  SCV  
  164  12:39  Ghost  
  166  13:00  Medivac x3  
  166  13:04  Marine  
  166  13:05  Marine x6, Marauder x2  
  181  13:08  SCV x3, Marine  
  181  13:09  SCV  
  184  13:22  Marine  
Show
View Real Time Build Order
Export as new Build Order

droidknight Protoss 

Build Orders: 1 Gate Expand, Oracle Opening, Chargelot Immortal 

Get SALT Encoding   

  12  0:00  Probe  
  13  0:13  Probe  
  14  0:18  Pylon  
  14  0:24  Probe  
  15  0:32  Probe  
  15  0:41  Probe, Gateway  
  16  0:46  Assimilator  
  17  0:51  Probe  
  18  1:03  Probe  
  19  1:15  Probe  
  20  1:29  Nexus  
  20  1:38  Probe  
  20  1:39  Cybernetics Core  
  20  1:46  Probe  
  20  1:47  Pylon  
  20  1:52  Assimilator  
  21  1:55  Probe  
  22  2:05  Stalker  
  22  2:07  Probe  
  25  2:16  Warp Gate  
  25  2:19  Probe  
  26  2:32  Probe  
  26  2:35  Stalker  
  29  2:44  Probe  
  30  2:48  Probe  
  31  2:52  Gateway x2  
  31  2:56  Probe  
  32  3:00  Probe  
  32  3:03  Stargate  
  33  3:08  Probe  
  33  3:12  Probe  
  35  3:20  Probe x2  
  37  3:28  Probe  
  37  3:32  Probe  
  39  3:37  Oracle  
  39  3:39  Probe  
  40  3:41  Pylon  
  40  3:44  Probe  
  44  3:53  Pylon  
  44  3:59  Probe  
  44  4:01  Probe  
  46  4:05  Sentry x2  
  46  4:06  Stalker  
  52  4:11  Probe  
  52  4:12  Assimilator  
  52  4:13  Probe  
  52  4:14  Assimilator  
  52  4:16  Pylon  
  54  4:23  Probe  
  55  4:25  Probe  
  55  4:35  Probe  
  55  4:38  Probe, Nexus  
  57  4:46  Robotics Facility  
  57  4:47  Probe  
  57  4:48  Twilight Council  
  57  4:50  Probe  
  59  4:53  Forge  
  59  4:55  Pylon  
  59  4:58  Probe, Pylon  
  59  4:59  Probe  
  57  5:06  Protoss Ground Armor Level 1, Charge  
  58  5:12  Probe  
  59  5:16  Zealot x2  
  59  5:17  Sentry  
  65  5:30  Probe  
  65  5:31  Pylon  
  65  5:32  Probe  
  67  5:39  Gateway x2  
  67  5:42  Gateway  
  67  5:45  Observer  
  67  5:46  Zealot x2  
  67  5:47  Stalker  
  73  5:56  Probe  
  75  6:00  Templar Archives  
  75  6:08  Gateway  
  75  6:09  Gateway  
  75  6:10  Immortal  
  79  6:14  Probe  
  79  6:15  Probe  
  81  6:25  Probe  
  82  6:27  Probe  
  82  6:28  Probe  
  82  6:31  Psionic Storm  
  84  6:37  Probe  
  85  6:40  Probe  
  85  6:41  Pylon  
  85  6:43  High Templar x2  
  85  6:45  High Templar  
  92  6:47  Zealot x3, Pylon  
  92  6:49  Probe  
  92  6:50  Immortal  
  99  6:56  Gateway  
  99  6:57  Pylon  
  103  7:06  Protoss Ground Armor Level 2  
  103  7:09  High Templar, Zealot  
  103  7:10  Zealot x2  
  103  7:12  Probe  
  112  7:16  Assimilator  
  112  7:18  Assimilator  
  112  7:19  Pylon  
  112  7:29  Warp Prism  
  114  7:32  Probe  
  115  7:49  Stalker  
  115  7:50  Stalker x6, Blink  
  115  7:51  Zealot  
  128  8:08  Immortal  
  128  8:10  Probe  
  129  8:21  Nexus, Pylon  
  117  8:40  Zealot x2  
  117  8:41  Zealot x7  
  90  9:04  Zealot x5  
  90  9:07  Probe x2  
  94  9:12  Stalker  
  94  9:15  High Templar x2  
  90  9:17  High Templar  
  90  9:19  Probe x2  
  90  9:22  Archon  
  92  9:31  Probe x2  
  93  9:39  Nexus  
  93  9:40  Probe  
  93  9:43  Probe  
  95  9:49  High Templar x4  
  95  9:50  High Templar  
  105  9:55  Immortal  
  109  10:09  Stalker  
  109  10:10  Stalker  
  113  10:18  Probe x2  
  113  10:19  Probe  
  113  10:26  Probe  
  113  10:27  Probe  
  116  10:31  Pylon  
  116  10:32  Zealot x3  
  124  10:39  Probe  
  124  10:49  Probe  
  127  10:50  Observer, Protoss Ground Armor Level 3  
  127  10:52  Pylon  
  127  10:54  Pylon  
  127  10:57  Pylon  
  127  11:08  Zealot x4  
  127  11:09  Zealot  
  113  11:41  Zealot x9  
  104  12:04  Stalker  
  104  12:05  Stalker x5  
  104  12:06  High Templar x3  
  108  12:23  Probe x2  
  108  12:29  Immortal, Assimilator  
  110  12:38  Gateway  
  110  12:40  Gateway  
  110  12:42  High Templar x3, Gateway  
  110  12:43  Zealot  
  122  12:44  Zealot x3  
  122  12:46  Zealot, Robotics Bay  
  122  12:47  High Templar, Archon  
  122  12:51  Archon, Robotics Facility  
  132  12:54  Probe  
  132  12:56  Assimilator  
  133  13:00  Photon Cannon  
  133  13:02  Photon Cannon, Assimilator  
  133  13:03  Photon Cannon  
  133  13:06  Photon Cannon  
  133  13:08  Immortal  
  137  13:13  Pylon  
  137  13:19  Pylon  
  133  13:34  Stalker x4  
  121  13:37  Archon  
  85  13:44  Zealot  
  85  13:45  Zealot x2  
  85  13:46  Zealot x5  
Tags
 
Add a new tag
Caveats
  • Supply blocks, unpowered buildings, or Contaminate may cause inaccurate times.
  • Supply counts are checked every 10 seconds.